 Dungeon Crawl Stone Soup version 0.24.0-35-gdb84b6a5db (webtiles) character file.

Game seed: 10950357969922536450, levelgen mode: deterministic

7 Katsumi the Scratcher (level 1, -1/9 HPs)
             Began as a Felid Transmuter on Nov 19, 2019.
             Slain by a jackal (2 damage)
             ... on level 1 of the Dungeon.
             The game lasted 00:00:17 (207 turns).

Katsumi the Scratcher (Felid Transmuter)             Turns: 207, Time: 00:00:18

Health: -1/9       AC:  1    Str:  6    XL:     1   Next: 91%
Magic:  3/4        EV: 18    Int: 14    God:
Gold:   19         SH:  0    Dex: 16    Spells: 3/4 levels left
                                        Lives:  0   Deaths: 0

rFire    . . .     SeeInvis +     - Unarmed
rCold    . . .     Gourm    .   (shield unavailable)
rNeg     . . .     Faith    .   (armour unavailable)
rPois    .         Spirit   .   (helmet unavailable)
rElec    .         Reflect  .   (cloak unavailable)
rCorr    .         Harm     .   (gloves unavailable)
MR       .....                  (boots unavailable)
Stlth    ++........             (no amulet)
HPRegen  0.03/turn              (no ring)
MPRegen  0.09/turn              (no ring)

@: appendage (expiring), quick
A: very small, no armour, no weapons or thrown items, stealth, claws 1, fangs 3,
horns 2, see invisible, carnivore, speed 1, shaggy fur 1, slow metabolism 1,
sharp paws
a: End Transformation


You were on level 1 of the Dungeon.
You were not hungry.
You had grown temporary horns.
You visited 1 branch of the dungeon, and saw 1 of its levels.

You collected 19 gold pieces.

Inventory:

Missiles
 a - 12 arrows
Scrolls
 b - a scroll of teleportation {unknown}
 d - a scroll of remove curse {unknown}
Potions
 e - a potion of ambrosia {unknown}
Comestibles
 c - a ration


   Skills:
 - Level 1.0 Fighting
 - Level 2.6 Dodging
 - Level 3.0 Unarmed Combat
 - Level 2.0 Spellcasting
 + Level 3.0 Transmutations


You had 3 spell levels left.
You knew the following spells:

 Your Spells              Type           Power        Failure   Level  Hunger
a - Beastly Appendage     Tmut           #.....       7%          1    ##.....

Your spell library contained the following spells:

 Spells                   Type           Power        Failure   Level  Hunger
 Sticks to Snakes         Tmut           #.......     11%         2    ###....
 Spider Form              Tmut/Pois      #.........   36%         3    ####...
 Ice Form                 Ice/Tmut       #.......     77%         4    #####..
 Blade Hands              Tmut           #.........   88%         5    ######.


Dungeon Overview and Level Annotations

Branches:
Dungeon (1/15)

Altars:


Innate Abilities, Weirdness & Mutations

You cannot wear armour.
You are incapable of wielding weapons or throwing items.
Your paws allow you to move quietly. (Stealth)
You have sharp claws.
You have razor-sharp teeth.
You have supernaturally acute eyesight. (SInv)
You are carnivorous and can eat meat at any time.
You cover ground quickly.
You are covered in fur. (AC +1)
You have a slow metabolism.
Your sharp claws are effective at attacking unaware monsters.
You have a pair of horns on your head.


Message History

You closely miss the jackal. You headbutt the jackal.
Your bite misses the jackal.
The jackal is moderately wounded.
The jackal bites you but does no damage.
You scratch the jackal but do no damage.
The jackal is moderately wounded.
Your horns disappear.
The jackal barely misses you.
You scratch the jackal.
You kill the jackal!
Your Transmutations skill increases to level 3!
Casting: Beastly Appendage (safe; 7% risk of failure)
Confirm with . or Enter, or press ? or * to list all spells.
You grow a pair of large bovine horns.
The jackal bites you.
* * * LOW HITPOINT WARNING * * *
The jackal closely misses you.
You barely miss the jackal. The jackal closely misses you.
You closely miss the jackal. You bite the jackal, but do no damage.
The jackal bites you.
You die...

## . .#
### ##.
.# #.#
#.. .#
#.# #.#
.####(#
#.#
..)...#
#.##
.######
#.r# .#
##h# .#
##@# .#
#..#
.####
#.##
>...#
#.#
.##.#
#.##
.##.#
#..#
###.#
##.#
#.####
#..#
#....#
#.##


You could see a jackal and a rat.

Vanquished Creatures
  2 hobgoblins (D:1)
  2 jackals (D:1)
  A bat (D:1)
  A frilled lizard (D:1)
  A kobold (D:1)
7 creatures vanquished.

Notes
Turn   | Place    | Note
-------+----------+-------------------------------------------
     0 | D:1      | Katsumi the Felid Transmuter began the quest for the Orb.
     0 | D:1      | Reached XP level 1. HP: 9/9 MP: 4/4
   207 | D:1      | Slain by a jackal

Levels and vault maps discovered:
D:1:      dpeg_arrival_connections, layout_basic, minmay_misc_feat_hallway,
          chequers_hall_statues_y

Skill      XL: |  1 |
---------------+----+-----
Transmutations | 3 |  3.0
Fighting       | |  1.0
Dodging        | |  2.6
Unarmed Combat | |  3.0
Spellcasting   | |  2.0

Action                   || total
-------------------------++-------
Melee: Unarmed           ||    27
       Bite              ||     2
       Headbutt          ||     1
 Cast: Beastly Appendage ||     7
 Stab: Sleeping          ||     3
  Eat: Chunk             ||     1
Armor: Skin              ||     2
Dodge: Dodged            ||    20
